 Dungeon Crawl Stone Soup version 0.30.0-19-g36f170ea60 (webtiles) character file.

Game seed: 15152350694981048366

8646 Graphine the Nimble (level 11, -10/95 HPs)
             Began as a Merfolk Monk on May 29, 2023.
             Was a High Priest of Uskayaw.
             Killed from afar by an acid dragon (25 damage)
             ... with a splash of acid
             ... on level 9 of the Dungeon.
             The game lasted 00:26:34 (8538 turns).

Graphine the Nimble (Merfolk Monk)                  Turns: 8538, Time: 00:26:35

Health: -10/95     AC:  4    Str: 11    XL:     11   Next: 34%
Magic:  15/15      EV: 19    Int:  6    God:    Uskayaw [*****.]
Gold:   411        SH:  0    Dex: 24    Spells: 16/16 levels left

rFire   + . .        n - +6 long sword
rCold   . . .        d - orb {light}
rNeg    . . .        A - +1 ring mail {rPois}
rPois   +            (no helmet)
rElec   .            (no cloak)
rCorr   .            g - +0 pair of gloves
SInv    +            (no boots)
Will    +....        i - amulet of the acrobat
Stlth   +            k - ring of poison resistance
HPRegen 0.35/turn    b - ring "Uqucsig" {rF+ Int-3 Slay+3 SInv}
MPRegen 0.14/turn

%: acrobat
@: glowing
A: (nimble swimmer 2), mertail, agile 1, deformed body, strong-willed 1
a: Renounce Religion, Stomp, Line Pass, Grand Finale


You were on level 9 of the Dungeon.
You worshipped Uskayaw.
Uskayaw was noncommittal.
You visited 1 branch of the dungeon, and saw 9 of its levels.

You collected 411 gold pieces.

Inventory:

Hand Weapons
 n - a +6 long sword (weapon)
Missiles
 e - 3 curare-tipped darts
 m - a boomerang (quivered)
Armour
 d - an orb of light (worn)
 g - a +0 pair of gloves (worn)
 A - a +1 ring mail of poison resistance (worn)
Jewellery
 b - the ring "Uqucsig" (right hand) {rF+ Int-3 Slay+3 SInv}
   (You acquired it on level 6 of the Dungeon)

   [ring of protection from fire]

   Int:       It affects your intelligence (-3).
   Slay:      It affects your accuracy & damage with ranged weapons and melee
   (+3).
   rF:        It protects you from fire.
   SInv:      It lets you see invisible.
 i - an amulet of the acrobat (around neck)
 k - a ring of poison resistance (left hand)
 p - an amulet of faith
 D - an amulet of regeneration
 E - a +6 ring of strength
Wands
 a - a wand of flame (29)
 o - a wand of polymorph (4)
 x - a wand of digging (1)
 y - a wand of charming (24)
 C - a wand of iceblast (6)
Scrolls
 f - 3 scrolls of magic mapping
 l - 3 scrolls of poison
 q - 2 scrolls of teleportation
 v - a scroll of fear
 B - 2 scrolls of blinking {unknown}
 F - a scroll of identify
Potions
 c - 2 potions of ambrosia
 h - a potion of berserk rage
 j - 3 potions of curing
 r - a potion of haste
 s - a potion of cancellation
 t - 2 potions of degeneration
 u - 2 potions of lignification
 w - a potion of heal wounds {unknown}
 z - 3 potions of attraction {unknown}
 G - a potion of magic {unknown}


   Skills:
 - Level 12.0 Fighting
 - Level 12.0 Long Blades
 * Level 1.4 Throwing
 - Level 12.0 Dodging
 * Level 3.2 Spellcasting
 * Level 2.4 Ice Magic


You had 16 spell levels left.
You didn't know any spells.
Your spell library contained the following spells:

 Spells                   Type           Power      Damage    Failure   Level
 Magic Dart               Conj           0%         1d3       65%         1
 Sandblast                Erth           0%         2d4       65%         1
 Passwall                 Tmut/Erth      0%         N/A       80%         2
 Hailstorm                Conj/Ice       2%         3d3       85%         3
 Stone Arrow              Conj/Erth      0%         3d7       95%         3
 Ice Form                 Ice/Tmut       2%         N/A       99%         4
 Simulacrum               Ice/Necr       1%         N/A       100%        6


Dungeon Overview and Level Annotations

Branches:
Dungeon (9/15)             Temple (0/1) D:5            Lair (0/5) D:9
    Orc: D:9-12

Altars:
Fedhas
Gozag
Hepliaklqana
Kikubaaqudgha
Okawaru
Sif Muna
Trog
Uskayaw
Zin


Innate Abilities, Weirdness & Mutations

((You are very nimble when in or above water. (Stealth+, EV+, Speed+++)))
Your lower body shifts to a powerful aquatic tail in water.
You are agile. (Dex +4, Str/Int -1)
Armour fits poorly on your strangely shaped body.
You are strong-willed. (Will+)


Message History

Aim: an acid dragon (lightly wounded, haloed)
You fail to use your ability.
The killer bee completely misses you. The killer bee stings you.
* * * LOW HITPOINT WARNING * * *
You are poisoned.
The killer bee poisons you! The killer bee stings you.
* * * LOW HITPOINT WARNING * * *
The killer bee misses you.
You feel better. The killer bee misses you. The killer bee barely misses you.
The killer bee completely misses you. The killer bee stings you.
* * * LOW HITPOINT WARNING * * *
You are poisoned.
The killer bee poisons you!
Unknown command.
You feel better. The killer bee stings you.
* * * LOW HITPOINT WARNING * * *
The killer bee completely misses you. The killer bee stings you.
* * * LOW HITPOINT WARNING * * *
The killer bee misses you.
Hit: n) +6 long sword
Press: ? - help, Dir - move target, f - killer bee
Aim: a killer bee (lightly wounded, haloed, about 28% to evade your +6 long sword)
You slice the killer bee!!
You kill the killer bee!
The killer bee closely misses you. The killer bee completely misses you.
Hit: n) +6 long sword
Press: ? - help, Dir - move target, f - killer bee
Aim: a killer bee (lightly wounded, haloed, about 28% to evade your +6 long sword)
You slash the killer bee!
You kill the killer bee!
You feel better. The acid dragon completely misses you.
The acid dragon claws you but does no damage.
Hit: n) +6 long sword
Press: ? - help, Dir - move target, f - acid dragon
Aim: an acid dragon (lightly wounded, haloed, about 13% to evade your +6 long sword)
You hit the acid dragon.
The acid dragon is moderately wounded.
The acid dragon spits acid at you. The splash of acid hits you!!
You die...

.......... .........
# ......... # ##
.........
...####.......#
#....#.......#
+....D†.[....#
#@......# #.......#
#.......# ##
#)......# ..
##+####.......# ..
#.............# ..
##+###.............#
..
#...........########
..
#...........#......#


You could see an acid dragon (catching breath).

Vanquished Creatures
  2 two-headed ogres
  Pikel (D:7)
  A cyclops (D:8)
  A manticore (D:9)
  Maggie (D:9)
  A troll (D:9)
  A hornet (D:9)
  A wyvern (D:7)
  4 yaks (D:9)
  An acid dragon (D:9)
  An orc warrior (D:9)
  A water moccasin (D:8)
  4 sky beasts
  3 black bears
  An ogre (D:4)
  2 centaurs
  6 phantoms
  3 wolves (D:9)
  4 bullfrogs
  2 scorpions
  A kobold brigand (D:8)
  12 wights (D:9)
  12 killer bees (D:9)
  5 electric eels
  4 howler monkeys
  9 hounds
  2 jellies
  4 orc priests
  Ijyb (D:3)
  4 iguanas
  A sleepcap (D:7)
  8 orc wizards
  A killer bee zombie (D:5)
  A hound zombie (D:5)
  A hound skeleton (D:5)
  Robin (D:3)
  7 gnolls
  3 adders
  A shadow imp (D:7)
  A white imp (D:7)
  4 worms
  4 dart slugs
  24 orcs
  4 bats
  3 endoplasms
  13 goblins
  12 hobgoblins
  12 jackals
  3 quokkas
  8 ball pythons
  2 frilled lizards (D:3)
  11 kobolds
  8 rats
228 creatures vanquished.

Vanquished Creatures (others)
  A goblin (D:3)
1 creature vanquished.

Grand Total: 229 creatures vanquished

Notes
Turn   | Place    | Note
-------+----------+-------------------------------------------
     0 | D:1      | Graphine the Merfolk Monk began the quest for the Orb.
     0 | D:1      | Reached XP level 1. HP: 18/18 MP: 1/1
   153 | D:1      | Reached XP level 2. HP: 24/24 MP: 2/2
   316 | D:1      | Reached XP level 3. HP: 23/30 MP: 3/3
   730 | D:1      | Gained mutation: You are covered in fur. (AC +1) [potion of
                  | mutation]
   730 | D:1      | Gained mutation: You have a pair of small horns on your
                  | head. [potion of mutation]
   730 | D:1      | Gained mutation: You are somewhat resistant to further
                  | mutation. [potion of mutation]
   811 | D:2      | Reached XP level 4. HP: 22/37 MP: 4/4
   814 | D:2      | Reached skill level 5 in Dodging
  1180 | D:2      | Found a faded altar of an unknown god.
  1259 | D:2      | You fall into a shaft and drop 1 floor!
  1268 | D:3      | Noticed Ijyb
  1283 | D:3      | Killed Ijyb
  1327 | D:3      | Found an ancient bone altar of Kikubaaqudgha.
  1329 | D:3      | Found a blossoming altar of Fedhas.
  1553 | D:3      | Reached XP level 5. HP: 43/43 MP: 5/5
  1585 | D:3      | Noticed Robin
  1609 | D:3      | Killed Robin
  1753 | D:3      | Found a hazy altar of Hepliaklqana.
  1786 | D:3      | Reached skill level 5 in Long Blades
  2397 | D:4      | Reached XP level 6. HP: 50/50 MP: 6/6
  2405 | D:4      | Reached skill level 5 in Fighting
  2452 | D:4      | Noticed a +0 hand axe
  2454 | D:4      | Found a hide-covered altar of Uskayaw.
  2454 | D:4      | Noticed a +0 dagger
  2462 | D:4      | Became a worshipper of Uskayaw the Reveller
  2462 | D:4      | Reached * piety under Uskayaw
  2484 | D:4      | Reached ** piety under Uskayaw
  2710 | D:4      | Found an iron altar of Okawaru.
  2720 | D:4      | Reached *** piety under Uskayaw
  2722 | D:4      | Reached **** piety under Uskayaw
  2932 | D:4      | Reached XP level 7. HP: 24/56 MP: 7/7
  3268 | D:4      | Found a bloodstained altar of Trog.
  3292 | D:5      | Entered Level 5 of the Dungeon
  3525 | D:5      | Reached XP level 8. HP: 46/65 MP: 8/8
  3533 | D:5      | Reached ***** piety under Uskayaw
  3801 | D:5      | Found a staircase to the Ecumenical Temple.
  4258 | D:6      | Found a shimmering blue altar of Sif Muna.
  4281 | D:6      | Identified a scroll of acquirement
  4281 | D:6      | Acquired the ring "Uqucsig" {rF+ Int-3 Slay+3 SInv}
  4303 | D:6      | Got Sif Muna's Guide on Momentum
  4787 | D:6      | Reached XP level 9. HP: 49/74 MP: 9/9
  4787 | D:6      | Lost mutation: You have a pair of small horns on your head.
                  | [potion of mutation]
  4787 | D:6      | Lost mutation: You are covered in fur. (AC +1) [potion of
                  | mutation]
  4788 | D:6      | Lost mutation: You are somewhat resistant to further
                  | mutation. [potion of mutation]
  4788 | D:6      | Gained mutation: Armour fits poorly on your strangely
                  | shaped body. [potion of mutation]
  4788 | D:6      | Gained mutation: You are strong-willed. (Will+) [potion of
                  | mutation]
  4788 | D:6      | Gained mutation: You are agile. (Dex +4, Str/Int -1)
                  | [potion of mutation]
  5482 | D:7      | Reached skill level 10 in Dodging
  5873 | D:7      | Noticed Pikel
  5881 | D:7      | Killed Pikel
  5882 | D:7      | Reached skill level 10 in Long Blades
  6094 | D:7      | Reached XP level 10. HP: 15/83 MP: 10/10
  6359 | D:7      | Found an opulent altar of Gozag.
  6413 | D:7      | Found a glowing silver altar of Zin.
  6611 | D:8      | Noticed a two-headed ogre
  6613 | D:8      | Noticed a cyclops
  6623 | D:8      | Killed a two-headed ogre
  6627 | D:8      | Killed a cyclops
  6628 | D:8      | Reached skill level 10 in Fighting
  7322 | D:9      | Reached ****** piety under Uskayaw
  7958 | D:9      | Found a staircase to the Lair.
  8009 | D:9      | Reached XP level 11. HP: 93/93 MP: 11/11
  8038 | D:9      | Noticed a two-headed ogre
  8051 | D:9      | Killed a two-headed ogre
  8052 | D:9      | Reached skill level 1 in Spellcasting
  8141 | D:9      | Noticed Maggie
  8153 | D:9      | Killed Maggie
  8350 | D:9      | Reached skill level 1 in Ice Magic
  8500 | D:9      | Noticed a manticore
  8505 | D:9      | Killed a manticore
  8506 | D:9      | Reached skill level 1 in Throwing
  8538 | D:9      | Killed from afar by an acid dragon

Illustrated notes

Levels and vault maps discovered:
D:1:      spicycebolla_green_bress_n_ham_2, layout_loops_cross, st_stairs_14
D:2:      layout_basic, hellmonk_ecumenical_altar_pennies_from_heaven,
          minmay_misc_feat_plants
D:3:      layout_basic, grunt_temple_overflow_growth_and_decay,
          nzn_hepliaklqana_mist_gate, dreamdust_mushroom_princess, uniq_robin,
          uniq_ijyb
D:4:      layout_loops_ring, okawaru_metal_pillars_1_2, dancing_weapons_uskayaw,
          trog_book
D:5:      layout_basic, minmay_temple_entry_enclosed_plants, serial_undead,
          serial_undead_b, serial_undead_c, serial_undead_e, serial_undead_b,
          serial_undead_b, serial_undead_b
D:6:      layout_gridville, led_sif_book, grunt_decor_cap
D:7:      layout_gridville, pdpol_temple_overflow_zin_treasury_gozag_greed,
          serial_bayou_ford_a, uniq_pikel
D:8:      layout_cave_pools
D:9:      layout_gridville, erik_lair_island, uniq_maggie, uniq_maurice

Skill      XL: |  1  2  3  4  5  6  7  8  9 10 11 |
---------------+----------------------------------+-----
Long Blades    | 4 5 6 7 8 10 12 | 12.0
Fighting       | 4 5 6 7 9 11 12 | 12.0
Dodging        | 5 6 7 9 11 12 | 12.0
Spellcasting   | 3 |  3.2
Ice Magic      | 2 |  2.4
Throwing       | 1 |  1.4

Action                     |  1- 3 |  4- 6 |  7- 9 | 10-12 || total
---------------------------+-------+-------+-------+-------++-------
  Melee: Falchion          |    78 |    12 |       |       ||    90
         Headbutt          |     2 |    13 |    33 |       ||    48
         Unarmed           |       |    12 |       |       ||    12
         Long sword        |       |    94 |   181 |   155 ||   430
         Tailslap          |       |       |     3 |     7 ||    10
  Throw: Boomerang         |     4 |    80 |    57 |    59 ||   200
    Use: Scroll            |     3 |    14 |     2 |     5 ||    24
         Potion            |     1 |       |     3 |     5 ||     9
   Stab: Paralysed         |       |     1 |    10 |    13 ||    24
 Armour: Robe              |    14 |    20 |     8 |       ||    42
         Ring mail         |       |       |    33 |    12 ||    45
  Dodge: Dodged            |    72 |    80 |   173 |   164 ||   489
